XFBL
ST. LOUIS CARDINALS @ ATLANTA BRAVES
05/16/1982
 
TOP OF THE 1ST
St. Louis Cardinals batting - Pitching for Atlanta Braves : RHP Dick Drago
Pitching: RHP Dick Drago
Batting: SHB Otis Nixon 0-0: Fly out, F9 (Flyball, 9, EV 98.1 MPH)
Batting: SHB Billy E Smith 0-0: Foul Ball, location: 2F
0-1: Foul Ball, location: 2F
0-2: Ground out 5-3 (Groundball, 56, EV 79.4 MPH)
Batting: LHB Jim Gantner 0-0: Ball
1-0: Foul Ball, location: 2F
1-1: Ball
2-1: Fly out, F5 (Line Drive, 5, EV 69.4 MPH)
Top of the 1st over - 0 runs, 0 hits, 0 errors, 0 left on base; St. Louis 0 - Atlanta 0
BOTTOM OF THE 1ST
Atlanta Braves batting - Pitching for St. Louis Cardinals : LHP Steve Carlton
Pitching: LHP Steve Carlton
Batting: LHB Brett Butler 0-0: Foul Ball, location: 2F
0-1: Ball
1-1: Swinging Strike
1-2: Foul Ball, location: 2F
1-2: Fly out, F8 (Flyball, 78XD, EV 98.8 MPH)
Batting: LHB Leon Durham 0-0: Called Strike
0-1: Foul Ball, location: 2F
0-2: Ball
1-2: SINGLE (Line Drive, 9S, EV 110.0 MPH)
Batting: SHB Tony Fernandez 0-0: Foul Ball, location: 2F
0-1: Ball
1-1: Called Strike
1-2: Ball
2-2: Ball
3-2: Foul Ball, location: 2F
3-2: Grounds into double play, 3-6-3 (Groundball, 3, EV 107.5 MPH)
Bottom of the 1st over - 0 runs, 1 hit, 0 errors, 0 left on base; St. Louis 0 - Atlanta 0
TOP OF THE 2ND
St. Louis Cardinals batting - Pitching for Atlanta Braves : RHP Dick Drago
Batting: LHB Pat Putnam 0-0: Swinging Strike
0-1: Called Strike
0-2: Strikes out swinging
Batting: RHB Bob Watson 0-0: Called Strike
0-1: Called Strike
0-2: Ball
1-2: Ball
2-2: Strikes out swinging
Batting: LHB Mike Davis 0-0: Fly out, F9 (Flyball, 9S, EV 85.0 MPH)
Top of the 2nd over - 0 runs, 0 hits, 0 errors, 0 left on base; St. Louis 0 - Atlanta 0
BOTTOM OF THE 2ND
Atlanta Braves batting - Pitching for St. Louis Cardinals : LHP Steve Carlton
Batting: LHB Karl Pagel 0-0: Swinging Strike
0-1: Called Strike
0-2: Strikes out swinging
Batting: LHB Mike Scioscia 0-0: Ball
1-0: Ball
2-0: Called Strike
2-1: Foul Ball, location: 2F
2-2: Ball
3-2: Foul Ball, location: 2F
3-2: Base on Balls
Batting: LHB Joe L Morgan 0-0: Ball
1-0: Fly out, F6 (Flyball, 6D, EV 96.3 MPH)
Batting: LHB Mike Hargrove 0-0: Called Strike
0-1: Ball
1-1: Ball
2-1: Called Strike
2-2: Strikes out swinging
Bottom of the 2nd over - 0 runs, 0 hits, 0 errors, 1 left on base; St. Louis 0 - Atlanta 0
TOP OF THE 3RD
St. Louis Cardinals batting - Pitching for Atlanta Braves : RHP Dick Drago
Batting: RHB Joe Torre 0-0: Swinging Strike
0-1: Called Strike
0-2: Ball
1-2: Foul Ball, location: 2F
1-2: Ball
2-2: Foul Ball, location: 2F
2-2: Foul Ball, location: 2F
2-2: Ball
3-2: Foul Ball, location: 2F
3-2: Foul Ball, location: 2F
3-2: Ground out 5-3 (Groundball, 56, EV 86.9 MPH)
Batting: RHB Craig Stimac 0-0: Swinging Strike
0-1: Ground out 6-3 (Groundball, 6, EV 85.6 MPH)
Batting: LHB Steve Carlton 0-0: Ball
1-0: Reached on error, E6 (Groundball, 6, EV 77.5 MPH)
Batting: SHB Otis Nixon 0-0: Ball
1-0: Called Strike
1-1: Called Strike
1-2: Ground out 1-3 (Groundball, 13S, EV 59.4 MPH)
Top of the 3rd over - 0 runs, 0 hits, 1 error, 1 left on base; St. Louis 0 - Atlanta 0
BOTTOM OF THE 3RD
Atlanta Braves batting - Pitching for St. Louis Cardinals : LHP Steve Carlton
Batting: RHB Tom Veryzer 0-0: Ball
1-0: Ball
2-0: Called Strike
2-1: Ball
3-1: Ground out 5-3 (Groundball, 56, EV 101.9 MPH)
Batting: RHB Dick Drago 0-0: Swinging Strike
0-1: Foul Ball, location: 2F
0-2: Ball
1-2: Strikes out swinging
Batting: LHB Brett Butler 0-0: Ground out U3 (Groundball, 3, EV 105.6 MPH)
Bottom of the 3rd over - 0 runs, 0 hits, 0 errors, 0 left on base; St. Louis 0 - Atlanta 0
TOP OF THE 4TH
St. Louis Cardinals batting - Pitching for Atlanta Braves : RHP Dick Drago
Batting: SHB Billy E Smith 0-0: Ball
1-0: Ball
2-0: Ground out 4-3 (Groundball, 34D, EV 106.3 MPH)
Batting: LHB Jim Gantner 0-0: Ball
1-0: Foul Ball, location: 2F
1-1: Called Strike
1-2: Ground out 4-3 (Groundball, 4, EV 85.0 MPH)
Batting: LHB Pat Putnam 0-0: Ball
1-0: Ball
2-0: SINGLE (Groundball, 34D, EV 95.0 MPH)
Batting: RHB Bob Watson 0-0: 2-RUN HOME RUN (Flyball, 7LD, EV 101.3 MPH), Distance : 363 ft
Batting: LHB Mike Davis 0-0: Foul Ball, location: 2F
0-1: Fly out, F9 (Flyball, 9, EV 83.1 MPH)
Top of the 4th over - 2 runs, 2 hits, 0 errors, 0 left on base; St. Louis 2 - Atlanta 0
BOTTOM OF THE 4TH
Atlanta Braves batting - Pitching for St. Louis Cardinals : LHP Steve Carlton
Batting: LHB Leon Durham 0-0: Ball
1-0: Foul Ball, location: 2F
1-1: Foul Ball, location: 2F
1-2: Ground out U3 (Groundball, 3S, EV 65.6 MPH)
Batting: SHB Tony Fernandez 0-0: Ground out 6-3 (Groundball, 6, EV 102.5 MPH)
Batting: LHB Karl Pagel 0-0: Ball
1-0: Ball
2-0: Foul Ball, location: 2F
2-1: SOLO HOME RUN (Flyball, 9D, EV 105.6 MPH), Distance : 374 ft
Batting: LHB Mike Scioscia 0-0: Called Strike
0-1: Ball
1-1: Ball
2-1: Swinging Strike
2-2: TRIPLE (Flyball, 89XD, EV 102.5 MPH)
Batting: LHB Joe L Morgan 0-0: Called Strike
0-1: Fly out, F9 (Flyball, 9S, EV 97.5 MPH)
Bottom of the 4th over - 1 run, 2 hits, 0 errors, 1 left on base; St. Louis 2 - Atlanta 1
TOP OF THE 5TH
St. Louis Cardinals batting - Pitching for Atlanta Braves : RHP Dick Drago
Batting: RHB Joe Torre 0-0: Swinging Strike
0-1: Swinging Strike
0-2: Foul Ball, location: 2F
0-2: Ball
1-2: Fly out, F7 (Line Drive, 7, EV 92.5 MPH)
Batting: RHB Craig Stimac 0-0: Ball
1-0: Ball
2-0: Ground out 6-3 (Groundball, 6, EV 86.3 MPH)
Batting: LHB Steve Carlton 0-0: Fly out, F8 (Line Drive, 8RD, EV 99.4 MPH)
Top of the 5th over - 0 runs, 0 hits, 0 errors, 0 left on base; St. Louis 2 - Atlanta 1
BOTTOM OF THE 5TH
Atlanta Braves batting - Pitching for St. Louis Cardinals : LHP Steve Carlton
Batting: LHB Mike Hargrove 0-0: Swinging Strike
0-1: Swinging Strike
0-2: Strikes out swinging
Batting: RHB Tom Veryzer 0-0: Called Strike
0-1: Ball
1-1: Ball
2-1: Called Strike
2-2: Foul Ball, location: 2F
2-2: Fly out, F4 (Line Drive, 4, EV 68.8 MPH)
Batting: RHB Dick Drago 0-0: Ball
1-0: Ball
2-0: Ball
3-0: Called Strike
3-1: Base on Balls
Batting: LHB Brett Butler 0-0: Ground out U3 (Groundball, 3, EV 87.5 MPH)
Bottom of the 5th over - 0 runs, 0 hits, 0 errors, 1 left on base; St. Louis 2 - Atlanta 1
TOP OF THE 6TH
St. Louis Cardinals batting - Pitching for Atlanta Braves : RHP Dick Drago
Batting: SHB Otis Nixon 0-0: Ball
1-0: Foul Ball, location: 2F
1-1: Fly out, F9 (Flyball, 9LS, EV 76.9 MPH)
Batting: SHB Billy E Smith 0-0: Foul Ball, location: 2F
0-1: Fly out, F8 (Line Drive, 8LD, EV 103.1 MPH)
Batting: LHB Jim Gantner 0-0: Ball
1-0: Ball
2-0: Fly out, F8 (Flyball, 8RXD, EV 80.0 MPH)
Top of the 6th over - 0 runs, 0 hits, 0 errors, 0 left on base; St. Louis 2 - Atlanta 1
BOTTOM OF THE 6TH
Atlanta Braves batting - Pitching for St. Louis Cardinals : LHP Steve Carlton
Batting: LHB Leon Durham 0-0: Called Strike
0-1: Swinging Strike
0-2: Strikes out swinging
Batting: SHB Tony Fernandez 0-0: Fly out, F7 (Flyball, 78S, EV 86.3 MPH)
Batting: LHB Karl Pagel 0-0: Called Strike
0-1: Ball
1-1: Foul Ball, location: 2F
1-2: Ball
2-2: Ground out U3 (Groundball, 34, EV 83.8 MPH)
Bottom of the 6th over - 0 runs, 0 hits, 0 errors, 0 left on base; St. Louis 2 - Atlanta 1
TOP OF THE 7TH
St. Louis Cardinals batting - Pitching for Atlanta Braves : RHP Dick Drago
Batting: LHB Pat Putnam 0-0: Ball
1-0: Ball
2-0: Ball
3-0: Called Strike
3-1: Fly out, F8 (Flyball, 78XD, EV 101.9 MPH)
Batting: RHB Bob Watson 0-0: Ball
1-0: Called Strike
1-1: Reached on error, E4 (Groundball, 4, EV 79.4 MPH)
Batting: LHB Mike Davis 0-0: Ball
1-0: Fly out, F7 (Flyball, 78S, EV 75.6 MPH)
Batting: RHB Joe Torre 0-0: Ball
1-0: Called Strike
1-1: Called Strike
1-2: Foul Ball, location: 2F
1-2: SINGLE (Line Drive, 8RS, EV 104.4 MPH)
Bob Watson to second
Runner from 2nd tries for 3rd, OUT! 8-5
Top of the 7th over - 0 runs, 1 hit, 1 error, 1 left on base; St. Louis 2 - Atlanta 1
BOTTOM OF THE 7TH
Atlanta Braves batting - Pitching for St. Louis Cardinals : LHP Steve Carlton
Batting: LHB Mike Scioscia 0-0: Ball
1-0: Ground out 6-3 (Groundball, 6, EV 85.0 MPH)
Batting: LHB Joe L Morgan 0-0: Ball
1-0: Ball
2-0: Ball
3-0: Called Strike
3-1: Foul Ball, location: 2F
3-2: Foul Ball, location: 2F
3-2: Base on Balls
Batting: LHB Mike Hargrove 0-0: Ball
1-0: Fly out, F4 (Line Drive, 4, EV 66.3 MPH)
Pinch Hitting: RHB Gil Flores 0-0: Called Strike
0-1: Called Strike
0-2: Foul Ball, location: 2F
0-2: Ball
1-2: Ground out 6-3 (Groundball, P, EV 88.1 MPH)
Bottom of the 7th over - 0 runs, 0 hits, 0 errors, 1 left on base; St. Louis 2 - Atlanta 1
TOP OF THE 8TH
St. Louis Cardinals batting - Pitching for Atlanta Braves : RHP Dick Drago
Now at 3B: Gil Flores
Batting: RHB Craig Stimac 0-0: Ball
1-0: SINGLE (Groundball, 6D, EV 96.9 MPH)
Batting: LHB Steve Carlton 0-0: Bunted foul
0-1: Sac Bunt to P - play at first, batter OUT! 1-4
Craig Stimac to second
Batting: SHB Otis Nixon 0-0: Intentional Walk
Batting: SHB Billy E Smith 0-0: Ball
1-0: Called Strike
1-1: DOUBLE (Groundball, 3L, EV 94.4 MPH)
Craig Stimac scores
Otis Nixon to third
Runner from 3rd tries for Home, SAFE, throw by RF to trailing runner, SAFE at third!
Batting: LHB Jim Gantner 0-0: Intentional Walk
Batting: LHB Pat Putnam 0-0: Called Strike
0-1: Ball
1-1: Fly out, F8 (Flyball, 89XD, EV 88.8 MPH)
Runner from 3rd tags up, SCORES, no throw by CF
Batting: RHB Bob Watson 0-0: Ball
1-0: DOUBLE (Line Drive, 78M, EV 103.1 MPH)
Jim Gantner to third
Runner from 3rd tries for Home, SAFE, throw by LF to home
Batting: LHB Mike Davis 0-0: Intentional Walk
Pitching: RHP Migel Puente
Batting: RHB Joe Torre 0-0: Swinging Strike
0-1: Foul Ball, location: 2F
0-2: 3-RUN HOME RUN (Flyball, 7LD, EV 93.1 MPH), Distance : 367 ft
Batting: RHB Craig Stimac 0-0: Called Strike
0-1: Ball
1-1: Foul Ball, location: 2F
1-2: Strikes out swinging
Top of the 8th over - 7 runs, 4 hits, 0 errors, 0 left on base; St. Louis 9 - Atlanta 1
BOTTOM OF THE 8TH
Atlanta Braves batting - Pitching for St. Louis Cardinals : LHP Steve Carlton
Batting: RHB Migel Puente 0-0: Ball
1-0: Called Strike
1-1: Ground out 6-3 (Groundball, 6, EV 79.4 MPH)
Batting: LHB Brett Butler 0-0: Reached on error, E7 (Flyball, 78M, EV 75.0 MPH)
Batting: LHB Leon Durham 0-0: Ball
1-0: Foul Ball, location: 2F
1-1: Foul Ball, location: 2F
1-2: SINGLE (Line Drive, 7S, EV 101.3 MPH)
Brett Butler to second
Batting: SHB Tony Fernandez 0-0: Foul Ball, location: 2F
0-1: Foul Ball, location: 2F
0-2: Ball
1-2: DOUBLE (Line Drive, 7LS, EV 110.0 MPH)
Brett Butler scores
Leon Durham to third
Runner from 3rd tries for Home, SAFE, no throw by LF
Batting: LHB Karl Pagel 0-0: Ball
1-0: Foul Ball, location: 2F
1-1: Swinging Strike
1-2: Foul Ball, location: 2F
1-2: SINGLE (Groundball, 4MD, EV 100.6 MPH)
Tony Fernandez to third
Runner from 3rd tries for Home, SAFE, throw by CF to home
Batting: LHB Mike Scioscia 0-0: Foul Ball, location: 2F
0-1: Swinging Strike
0-2: Ball
1-2: Ball
2-2: Ball
3-2: Base on Balls
Karl Pagel to second
Batting: LHB Joe L Morgan 0-0: Foul Ball, location: 2F
0-1: Ball
1-1: Foul Ball, location: 2F
1-2: Grounds into double play, 6-4-3 (Groundball, 6, EV 83.8 MPH)
Bottom of the 8th over - 3 runs, 3 hits, 1 error, 1 left on base; St. Louis 9 - Atlanta 4
TOP OF THE 9TH
St. Louis Cardinals batting - Pitching for Atlanta Braves : RHP Migel Puente
Pinch Hitting: LHB Mark Hildebrand 0-0: Foul Ball, location: 2F
0-1: Ball
1-1: Called Strike
1-2: Ball
2-2: Strikes out looking
Batting: SHB Otis Nixon 0-0: Ball
1-0: Ball
2-0: Fly out, F9 (Flyball, 9LM, EV 88.8 MPH)
Batting: SHB Billy E Smith 0-0: Ground out U3 (Groundball, 3, EV 81.9 MPH)
Top of the 9th over - 0 runs, 0 hits, 0 errors, 0 left on base; St. Louis 9 - Atlanta 4
BOTTOM OF THE 9TH
Atlanta Braves batting - Pitching for St. Louis Cardinals : LHP Steve Carlton
Pitching: RHP Larry Yount
Batting: LHB Mike Hargrove 0-0: Ball
1-0: Ball
2-0: Foul Ball, location: 2F
2-1: Called Strike
2-2: Foul Ball, location: 2F
2-2: Ball
3-2: Foul Ball, location: 2F
3-2: Ground out 4-3 (Groundball, 4, EV 100.6 MPH)
Batting: RHB Gil Flores 0-0: Ball
1-0: Called Strike
1-1: Foul Ball, location: 2F
1-2: Foul Ball, location: 2F
1-2: Ground out 6-3 (Groundball, 6, EV 94.4 MPH)
Pinch Hitting: LHB Brent Hillenga 0-0: Foul Ball, location: 2F
0-1: Ball
1-1: Fly out, F9 (Line Drive, 9D, EV 94.4 MPH)
Bottom of the 9th over - 0 runs, 0 hits, 0 errors, 0 left on base; St. Louis 9 - Atlanta 4
Friday, July 31st, 2020 - OOTP Baseball 21.5 Build 76